 Dungeon Crawl Stone Soup version 0.19.0-1-g5985abe (webtiles) character file.

3193 tyranidshit the Fighter (level 9, -4/78 HPs)
             Began as a Demonspawn Abyssal Knight on Nov 2, 2016.
             Was a Priest of Lugonu.
             Slain by a hornet (6 damage)
             ... on level 8 of the Dungeon.
             The game lasted 00:22:37 (6248 turns).

tyranidshit the Fighter (Demonspawn Abyssal Knight) Turns: 6248, Time: 00:22:38

Health: -4/78      AC: 24    Str: 13    XL:     9   Next: 64%
Magic:  14/14      EV:  0    Int: 13    God:    Lugonu [***...]
Gold:   433        SH:  6    Dex: 13    Spells: 1 memorised, 7 levels left

rFire  + . .     SeeInvis .     g - +2 war axe (chop)
rCold  . . .     Gourm    .     z - +0 crystal plate armour
rNeg   . . .     Faith    .     b - +2 buckler
rPois  .         Spirit   .     (helmet restricted)
rElec  .         Reflect  .     (no cloak)
rCorr  .         Harm     .     u - +0 pair of gloves
MR     .....                    (no boots)
Stlth  ..........               r - amulet of rage
                                w - -3 ring of strength (curse)
                                f - ring of stealth

@: sanguine armour, slowed, drained, very slow
A: claws 1, hooves 1, horns 1, fire resistance 1, sanguine armour 1
a: Depart the Abyss, Bend Space, Banish, Renounce Religion, Evoke Berserk Rage


You were on level 8 of the Dungeon.
You worshipped Lugonu.
Lugonu was most pleased with you.
You were not hungry.

You visited 1 branch of the dungeon, and saw 8 of its levels.
You visited the Abyss 2 times.

You collected 433 gold pieces.

Inventory:

Hand Weapons
 g - a +2 war axe of chopping (weapon)
 o - a +2 hand axe of distortion
Armour
 b - a +2 buckler (worn)
 l - a +2 helmet
 u - a +0 pair of gloves (worn)
 z - a +0 crystal plate armour (worn)
Jewellery
 f - a ring of stealth (left hand)
 r - an amulet of rage (around neck)
 w - a cursed -3 ring of strength (right hand)
Wands
 i - a wand of polymorph (17/24)
 x - a wand of iceblast (7/15)
 B - a wand of slowing (22/48)
Scrolls
 d - 5 scrolls of identify
 k - 4 scrolls of amnesia
 m - a scroll of fear
Potions
 e - 2 potions of berserk rage
 p - a potion of curing
 s - a potion of flight
Books
 t - a book of Cantrips

   Spells                             Type                      Level
   a - Confusing Touch                Hexes                        1
   b - Animate Skeleton               Necromancy                   1
   c - Summon Small Mammal            Summoning                    1
   d - Apportation                    Translocation                1
Comestibles
 c - a bread ration
 n - 2 beef jerkies
 q - 4 meat rations
 v - 4 fruits


   Skills:
 - Level 10.1(9.8) Fighting
 + Level 3.6(3.4) Axes
 + Level 6.0(5.8) Armour
 - Level 0.8(0.6) Dodging
 - Level 0.2(0.0) Stealth
 + Level 3.1(2.9) Shields
 - Level 7.1(6.9) Invocations


You had 7 spell levels left.
You knew the following spells:

 Your Spells              Type           Power        Failure   Level  Hunger
a - Apportation           Tloc           #.........   100%        1    ##.....


Dungeon Overview and Level Annotations

Branches:
Dungeon (8/15)             Temple (0/1) D:5
   Lair: D:8-11

Altars:
Cheibriados
Dithmenos
Gozag
Okawaru
Ru
Xom
Zin

Shops:
D:5 =


Innate Abilities, Weirdness & Mutations

You have sharp fingernails.
Your flesh is heat resistant. (rF+)
When seriously injured, your bleeding wounds create armour. (AC +6)
You have large cloven feet.
You have a pair of small horns on your head.


Message History

* * * LOW HITPOINT WARNING * * *
You feel as though you will be slow longer.
The hornet stings you!
* * * LOW HITPOINT WARNING * * *
You feel as though you will be slow longer.
You hit the hornet but do no damage.
The hornet is severely wounded.
The hornet stings you but does no damage.
You block the hornet's attack.
The hornet stings you but does no damage.
You closely miss the hornet. You headbutt the hornet.
The hornet is severely wounded.
The hornet stings you.
* * * LOW HITPOINT WARNING * * *
You feel as though you will be slow longer.
The hornet stings you!
* * * LOW HITPOINT WARNING * * *
You feel as though you will be slow longer.
You block the hornet's attack. The hornet stings you.
You die... ........♣ .... ..... .. ...# .lzr.

.. #..# #rz♣. r# #..#
#z##. .# #..#
##l##.#.####..#
#l..#.#.......# ####.#
))zt...# #..####...:..
#...##.# #....@..#
##.###l#####....y#####.#
#........##...........#
#..#####.######.#######
#>.# #.######.# ##.#
#........# ###.#
#.######## ....#####)#
###..tO.).#


You could see a hornet.

Vanquished Creatures
  Joseph (D:7)
  A hippogriff (D:8)
  Sigmund (D:2)
  A basilisk (D:8)
  3 porcupines (D:8)
  An orc warrior (D:8)
  2 sky beasts
  A black bear (D:6)
  2 ogres
  A crocodile (D:8)
  3 scorpions
  5 wights (D:8)
  A howler monkey (D:8)
  2 crimson imps
  3 orc priests
  A bullfrog skeleton (D:5)
  4 hounds
  8 iguanas
  6 orc wizards
  7 worker ants
  A worker ant zombie (D:5)
  6 adders
  A howler monkey skeleton (D:6)
  2 river rats (D:8)
  3 shadow imps (D:6)
  An adder skeleton (D:6)
  A worm (D:2)
  A dart slug (D:2)
  3 leopard geckos
  22 orcs
  9 giant cockroaches
  4 goblins
  4 hobgoblins
  4 jackals (D:2)
  7 quokkas
  2 ball pythons
  7 bats
  5 frilled lizards
  5 kobolds
  7 rats
149 creatures vanquished.

Vanquished Creatures (collateral kills)
  A crocodile (D:8)
1 creature vanquished.

Vanquished Creatures (others)
  7 bushes (D:8)
  3 fungi (D:8)
  7 plants (D:8)
17 creatures vanquished.

Grand Total: 167 creatures vanquished

Notes
Turn   | Place    | Note
-------+----------+-------------------------------------------
     0 | Abyss:1  | tyranidshit the Demonspawn Abyssal Knight began the quest for the Orb.
     0 | Abyss:1  | Reached XP level 1. HP: 18/18 MP: 2/2
   110 | Abyss:2  | Found a hazy altar of Hepliaklqana.
   149 | Abyss:2  | Noticed a large abomination
   162 | Abyss:3  | Found a corrupted altar of Lugonu.
   171 | Abyss:3  | Noticed a small abomination
   175 | D:1      | Escaped the Abyss
   254 | D:1      | Found a snail-covered altar of Cheibriados.
   667 | D:1      | Gained mutation: When seriously injured, your bleeding wounds create armour. (AC +6) [demonic ancestry]
   667 | D:1      | Reached XP level 2. HP: 24/24 MP: 3/3
   717 | D:1      | Reached * piety under Lugonu
  1164 | D:2      | Reached skill level 4 in Fighting
  1187 | D:2      | Gained mutation: You have sharp fingernails. [demonic ancestry]
  1187 | D:2      | Reached XP level 3. HP: 9/30 MP: 4/4
  1503 | D:2      | Noticed Sigmund
  1515 | D:2      | Killed Sigmund
  1515 | D:2      | Reached skill level 6 in Fighting
  1515 | D:2      | Reached XP level 4. HP: 19/41 MP: 5/5
  1515 | D:2      | Reached XP level 5. HP: 22/47 MP: 6/6
  2213 | D:4      | Reached XP level 6. HP: 47/53 MP: 7/7
  2217 | D:4      | Reached ** piety under Lugonu
  2333 | D:4      | Reached skill level 7 in Fighting
  2720 | D:4      | Found a glowing silver altar of Zin.
  2912 | D:4      | Found an iron altar of Okawaru.
  2925 | D:4      | Found a shadowy altar of Dithmenos.
  3336 | D:5      | Entered Level 5 of the Dungeon
  3364 | D:5      | Found Kabic's Jewellery Emporium.
  3377 | D:5      | Found an opulent altar of Gozag.
  3464 | D:5      | Found a sacrificial altar of Ru.
  3503 | D:5      | Reached skill level 8 in Fighting
  3503 | D:5      | Gained mutation: Your flesh is heat resistant. (rF+) [demonic ancestry]
  3503 | D:5      | Reached XP level 7. HP: 62/62 MP: 8/8
  3583 | D:5      | Found a staircase to the Ecumenical Temple.
  3617 | D:5      | Learned a level 1 spell: Apportation
  4043 | D:6      | Reached skill level 9 in Fighting
  4046 | D:6      | Got a bloodstained leather armour
  4058 | D:6      | Identified the cursed +1 leather armour "Vaheiwn" {rN+} (You found it on level 6 of the Dungeon)
  4384 | D:6      | Found a shimmering altar of Xom.
  4843 | D:7      | Noticed Joseph
  4852 | D:7      | Paralysed by Joseph for 5 turns
  4865 | D:7      | Reached XP level 8. HP: 24/72 MP: 9/9
  4871 | D:7      | Paralysed by Joseph for 2 turns
  4918 | D:6      | Reached skill level 10 in Fighting
  4993 | D:6      | Gained mutation: Potions and wands are less effective at restoring your health. [mutagenic meat]
  5005 | D:6      | Gained mutation: Your flesh is very heat resistant. (rF++) [mutagenic meat]
  5006 | D:6      | Gained mutation: Scrolls take you a little longer to read. [mutagenic meat]
  5007 | D:6      | Gained mutation: Your spells are a little harder to cast, but a little more powerful. [mutagenic meat]
  5024 | D:7      | Killed Joseph
  5030 | D:7      | Reached *** piety under Lugonu
  5047 | D:7      | Cast into level 1 of the Abyss (orc wizard)
  5073 | Abyss:1  | Noticed a starcursed mass
  5073 | D:7      | Escaped the Abyss
  5281 | D:7      | Reached skill level 5 in Invocations
  5586 | D:8      | Noticed a hippogriff
  5586 | D:8      | Reached XP level 9. HP: 35/78 MP: 12/14
  5605 | D:8      | Reached skill level 5 in Armour
  5609 | D:8      | Reached skill level 1 in Shields
  5874 | D:8      | Gained mutation: You have large cloven feet. [mutagenic meat]
  5876 | D:8      | Gained mutation: You have a pair of small horns on your head. [mutagenic meat]
  5974 | D:8      | Lost mutation: Potions and wands are less effective at restoring your health. [potion of cure mutation]
  5974 | D:8      | Lost mutation: Scrolls take you a little longer to read. [potion of cure mutation]
  5974 | D:8      | Lost mutation: Your spells are a little harder to cast, but a little more powerful. [potion of cure mutation]
  5974 | D:8      | Lost mutation: Your flesh is very heat resistant. (rF++) [potion of cure mutation]
  6244 | D:8      | Paralysed by a hornet for 1 turns
  6248 | D:8      | HP: 2/78 [hornet (8)]
  6248 | D:8      | Slain by a hornet

Skill      XL: |  1  2  3  4  5  6  7  8  9 |
---------------+----------------------------+-----
Fighting       | 4 6 8 9 10 | 10.1
Armour         | 4 6 |  6.0
Invocations    | 6 7 |  7.1
Axes           | 3 |  3.6
Shields        | 3 |  3.1
Dodging        | |  0.8
Stealth        | |  0.2

Action                   |  1- 3 |  4- 6 |  7- 9 || total
-------------------------+-------+-------+-------++-------
Melee: War axe           |   103 |   101 |   370 ||   574
       Hand axe          |     2 |       |       ||     2
       Kick              |       |       |    17 ||    17
       Headbutt          |       |       |     5 ||     5
Invok: Depart the Abyss  |     1 |       |     1 ||     2
 Abil: Evoke Berserk Rag |       |       |     1 ||     1
Evoke: Wand              |       |       |    15 ||    15
  Use: Scroll            |     7 |     4 |    10 ||    21
       Potion            |     2 |     2 |     9 ||    13
 Stab: Sleeping          |     2 |       |       ||     2
       Distracted        |     1 |       |       ||     1
  Eat: Chunk             |     1 |       |     7 ||     8
       Bread ration      |       |     2 |     3 ||     5
Armor: Leather armour    |    13 |       |    49 ||    62
       Scale mail        |    44 |    59 |    16 ||   119
       Plate armour      |       |       |    33 ||    33
       Crystal plate arm |       |       |   270 ||   270
Dodge: Dodged            |    72 |    42 |    96 ||   210
Block: Buckler           |       |       |    87 ||    87
